 Dungeon Crawl Stone Soup version 0.29-a0-330-g52719c12eb (webtiles) character file.

Game seed: 13443063453994545149

175 kae the Gusty (level 5, -4/45 HPs)
             Began as an Ogre Air Elementalist on Apr 13, 2022.
             Slain by Sigmund
             ... wielding a +0 scythe
              (8 damage)
             ... on level 3 of the Dungeon.
             The game lasted 00:02:30 (3686 turns).

kae the Gusty (Ogre Air Elementalist)               Turns: 3686, Time: 00:02:31

Health: -4/45      AC:  4    Str: 12    XL:     5   Next: 55%
Magic:  10/10      EV:  9    Int: 18    God:
Gold:   109        SH:  0    Dex:  9    Spells: 5/11 levels left

rFire   . . .      SeeInvis .   e - +1 mace
rCold   . . .      Faith    .   (no shield)
rNeg    . . .      Spirit   .   a - +0 robe
rPois   .          Reflect  .   (helmet restricted)
rElec   .          Harm     .   l - +0 cloak
rCorr   .          Rampage  .   (gloves unavailable)
Will    .....                   (boots unavailable)
Stlth   +.........              (no amulet)
HPRegen 0.15/turn               (no ring)
MPRegen 0.12/turn               (no ring)

@: no status effects
A: large, unfitting armour, tough skin 1
a: no special abilities


You were on level 3 of the Dungeon.
You visited 1 branch of the dungeon, and saw 4 of its levels.

You collected 109 gold pieces.

Inventory:

Hand Weapons
 e - a +1 mace (weapon)
Armour
 a - a +0 robe (worn)
 l - a +0 cloak (worn)
Wands
 m - a wand of digging (3)
Scrolls
 d - 2 scrolls of fog
Potions
 b - a potion of magic
 f - 2 potions of attraction
 h - a potion of might
 i - a potion of heal wounds
 j - a potion of invisibility


   Skills:
 - Level 1.7 Dodging
 - Level 1.4 Stealth
 + Level 3.7 Spellcasting
 + Level 2.3 Conjurations
 * Level 4.3 Air Magic


You had 5 spell levels left.
You knew the following spells:

 Your Spells              Type           Power      Damage    Failure   Level
a - Shock                 Conj/Air       60%        1d6       3%          1
b - Static Discharge      Conj/Air       15%        N/A       6%          2
c - Swiftness             Air            18%        N/A       8%          3

Your spell library contained the following spells:

 Spells                   Type           Power      Damage    Failure   Level
 Airstrike                Air            9%         N/A       26%         4
 Call Canine Familiar     Summ           3%         N/A       41%         3
 Portal Projectile        Hex/Tloc       6%         N/A       41%         3
 Leda's Liquefaction      Hex/Erth       1%         N/A       83%         4


Dungeon Overview and Level Annotations

Branches:
Dungeon (4/15)
 Temple: D:4-7

Altars:
Uskayaw

Shops:
D:1 !

Annotations:
D:3 1 runed translucent door, Crazy Yiuf, Sigmund


Innate Abilities, Weirdness & Mutations

You are too large for most types of armour.
You have tough skin. (AC +1)


Message History

You are too injured to fight recklessly!
You are too injured to fight recklessly!
You are too injured to fight recklessly!
You are too injured to fight recklessly!
Found 10 gold pieces.
Found 9 gold pieces.
You feel a little less mighty now.
You flicker back into view.
You now have 109 gold pieces (gained 9).
A goblin is nearby!
The goblin hits you with a +0 dagger.
You sock the goblin!
You kill the goblin!
Found an escape hatch in the ceiling.
Things that are here:
a +0 dagger; a goblin corpse Sigmund is nearby!
Sigmund is nearby!
Sigmund is nearby!
Sigmund points at you and mumbles some strange words.
The magic dart hits you.
Sigmund mumbles some strange words.
Sigmund flickers and vanishes!
Deactivating autopickup; reactivate with Ctrl-A.
Something hits you but does no damage.
You are confused.
A rat comes into view.
You bump into the rock wall.
You sock the rat!
You kill the rat!
Something hits you!
* * * LOW HITPOINT WARNING * * *
You see here a rat corpse.
You're too confused to move!
You feel less confused. Something hits you!
* * * LOW HITPOINT WARNING * * *
There is a stone staircase leading down here.
Magic restored.
Something hits you!
You die...

##...## #.####.#.#
##.....###.# ##.#.#
##.......##.###....#
##<.
#.......>.#.##...#####
...
+.........'...........
#..
#.........#.....######
##..###
##.......######..≈.#
#.....#####†....##
#..≈..#
#...#.##...#.@.##
#..≈..#
#.....##...##+##
#.#≈#... #)#........#
#.#≈####
####.#...........
#.#≈#
#.............###
#.### #.##.###...#...#
# #............#
#####.###...## $.#
#.##


There were no monsters in sight!

Vanquished Creatures
  A necrophage (D:4)
  Natasha (D:2)
  3 adders
  A worm (D:2)
  4 dart slugs
  An orc (D:2)
  10 ball pythons
  A giant cockroach (D:1)
  3 goblins
  2 hobgoblins
  8 jackals
  3 bats (D:1)
  7 kobolds
  6 rats
51 creatures vanquished.

Notes
Turn   | Place    | Note
-------+----------+-------------------------------------------
     0 | D:1      | kae the Ogre Air Elementalist began the quest for the Orb.
     0 | D:1      | Reached XP level 1. HP: 16/16 MP: 3/3
   154 | D:1      | Reached skill level 1 in Conjurations
   382 | D:1      | Found Fuel's Distillery.
   450 | D:1      | Reached XP level 2. HP: 24/24 MP: 3/5
   486 | D:1      | Reached skill level 3 in Air Magic
  1163 | D:1      | Reached XP level 3. HP: 31/31 MP: 2/7
  1166 | D:1      | Learned a level 2 spell: Static Discharge
  1170 | D:1      | Learned a level 3 spell: Swiftness
  2162 | D:2      | Reached XP level 4. HP: 38/39 MP: 3/8
  2467 | D:2      | Found a hide-covered altar of Uskayaw.
  2485 | D:2      | Noticed Natasha
  2491 | D:2      | Killed Natasha
  2914 | D:3      | Found a runed translucent door.
  2915 | D:3      | Noticed Crazy Yiuf
  2981 | D:3      | Reached skill level 4 in Air Magic
  3105 | D:3      | Noticed Sigmund
  3609 | D:4      | Noticed a necrophage
  3621 | D:4      | Killed a necrophage
  3622 | D:4      | Reached XP level 5. HP: 17/45 MP: 2/10
  3686 | D:3      | Slain by Sigmund

Illustrated notes

Levels and vault maps discovered:
D:1:      lemuel_arrival_river_ford, layout_loops_corners, serial_shops,
          nicolae_shop_behind_doors, minmay_misc_feat_iff
D:2:      layout_basic, basic_altar, uniq_natasha
D:3:      layout_loops_corners, chequers_serial_rivers_micro_b,
          grunt_ministairs_11, uniq_crazy_yiuf_cottage, uniq_sigmund
D:4:      layout_rooms, minmay_temple_entry_wispy, gammafunk_ghost_stat_death,
          uniq_edmund, uniq_grinder

Skill      XL: |  1  2  3  4 |
---------------+-------------+-----
Conjurations   | 1 2 |  2.3
Air Magic      | 3 4 |  4.3
Spellcasting   | 3 |  3.7
Dodging        | |  1.7
Stealth        | |  1.4

Action                   |  1- 3 |  4- 6 || total
-------------------------+-------+-------++-------
Melee: Mace              |    18 |    10 ||    28
       Punch             |       |     1 ||     1
 Cast: Shock             |    66 |    46 ||   112
       Static Discharge  |       |     2 ||     2
  Use: Scroll            |     6 |     5 ||    11
       Potion            |       |     4 ||     4
 Stab: Invisible         |       |     1 ||     1
Armor: Robe              |    16 |     7 ||    23
Dodge: Dodged            |    24 |    10 ||    34

Table legend: (Time is in decaauts)
 A = Elapsed time spent in this place.
 B = Non-inter-level travel time spent in this place.
 C = Inter-level travel time spent in this place.
 D = Time resting spent in this place.
 E = Time spent auto-exploring this place.
 F = Levels seen in this place.
 G = Mean time per level.
                   A        B        C        D        E       F      G
               +--------+--------+--------+--------+--------+-----+--------+
         Total |   3703 |   3585 |    118 |    429 |   2791 |   4 |  925.8 |
       Dungeon |   3703 |   3585 |    118 |    429 |   2791 |   4 |  925.8 |
               +--------+--------+--------+--------+--------+-----+--------+

Top non-repeatable levels by time:
     D:1: 1444 daAuts
     D:2: 1314 daAuts
     D:3: 765 daAuts
     D:4: 178 daAuts
